 Dungeon Crawl Stone Soup version 0.28-a0-1167-g616b1c6417 (webtiles) character file.

Game seed: 8368970032437865317

93 Ijustatesigmund the Skirmisher (level 4, -4/41 HPs)
             Began as a Hill Orc Fighter on Dec 16, 2021.
             Slain by a gnoll (10 damage)
             ... on level 3 of the Dungeon.
             The game lasted 00:04:35 (2698 turns).

Ijustatesigmund the Skirmisher (Hill Orc Fighter)   Turns: 2698, Time: 00:04:36

Health: -4/41      AC: 11    Str: 18    XL:     4   Next: 61%
Magic:  4/4        EV:  1    Int: 10    God:
Gold:   85         SH: 12    Dex: 10    Spells: 3/3 levels left

rFire   . . .      SeeInvis .   a - +0 war axe
rCold   . . .      Faith    .   c - +0 tower shield
rNeg    . . .      Spirit   .   b - +0 plate armour
rPois   .          Reflect  .   (no helmet)
rElec   .          Harm     .   (no cloak)
rCorr   .          Rampage  .   (no gloves)
Will    .....                   (no boots)
Stlth   ..........              (no amulet)
HPRegen 0.13/turn               (no ring)
MPRegen 0.09/turn               (no ring)

@: mighty
A: no striking features
a: no special abilities


You were on level 3 of the Dungeon.
You visited 1 branch of the dungeon, and saw 3 of its levels.

You collected 85 gold pieces.

Inventory:

Hand Weapons
 a - a +0 war axe (weapon)
Armour
 b - a +0 plate armour (worn)
 c - a +0 tower shield (worn)
Jewellery
 g - a ring of ice
Scrolls
 h - a scroll of teleportation
 l - a scroll of fog {unknown}
 m - a scroll of magic mapping {unknown}
 n - a scroll of silence {unknown}
 o - a scroll of noise {unknown}
Potions
 d - 2 potions of might
 e - a potion of cancellation
 f - 3 potions of curing
 j - 2 potions of heal wounds
 k - 2 potions of magic
 p - a potion of resistance {unknown}


   Skills:
 + Level 4.9 Fighting
 + Level 4.0 Axes
 + Level 3.7 Armour
 + Level 3.7 Shields


You had 3 spell levels left.
You didn't know any spells.
Your spell library contained the following spells:

 Spells                   Type           Power      Damage    Failure   Level
 Call Canine Familiar     Summ           0%         N/A       100%        3
 Portal Projectile        Hex/Tloc       0%         N/A       100%        3
 Leda's Liquefaction      Hex/Erth       0%         N/A       100%        4


Dungeon Overview and Level Annotations

Branches:
Dungeon (3/15)

Altars:


Message History

You block the gnoll's attack. The gnoll hits you but does no damage.
The gnoll hits you from afar with a +0 halberd.
The gnoll hits you with a +0 flail!
Your shield and plate armour prevent you from hitting the gnoll.
The gnoll is heavily wounded.
The gnoll hits you from afar with a +0 halberd!
The gnoll hits you with a +0 flail. The gnoll completely misses you.
You are too injured to fight recklessly!
You are too injured to fight recklessly!
You are too injured to fight recklessly!
You are too injured to fight recklessly!
You are too injured to fight recklessly!
You are too injured to fight recklessly!
You are too injured to fight recklessly!
You are too injured to fight recklessly!
You are too injured to fight recklessly!
You are too injured to fight recklessly!
You are too injured to fight recklessly!
You are too injured to fight recklessly!
You are too injured to fight recklessly!
You are too injured to fight recklessly!
You are too injured to fight recklessly!
You are too injured to fight recklessly!
You are too injured to fight recklessly!
You feel very mighty all of a sudden.
The gnoll hits you but does no damage. x2
You slash the gnoll!
You kill the gnoll!
The adder bites you but does no damage.
The gnoll hits you from afar with a +0 halberd.
You closely miss the adder. The adder bites you.
* * * LOW HITPOINT WARNING * * *
You block the gnoll's attack. You block the adder's attack.
The gnoll hits you but does no damage. The adder barely misses you.
Your shield and plate armour prevent you from hitting the adder.
You block the adder's attack.
The gnoll hits you from afar with a +0 halberd!
* * * LOW HITPOINT WARNING * * *
The gnoll hits you from afar with a +0 halberd!
You die...

................# .....
##...#####.###..#
##...####### #..#
........# #..#
##...##.######..######
##....................
................##.###
##.............###.####.
##....#.######..@Sg.....
......#.# #.###g####.
....†.#.# ###.### #
......#.# #.....#
##....#.####.....#
#...............+
##...............#
.................#.#
....................


You could see 2 gnolls and an adder.

Vanquished Creatures
  A gnoll (D:3)
  An adder (D:2)
  4 worms
  3 dart slugs
  4 endoplasms
  2 giant cockroaches (D:1)
  7 hobgoblins
  3 jackals (D:1)
  2 quokkas (D:1)
  6 ball pythons
  6 bats
  3 frilled lizards
  5 goblins
  5 kobolds
  4 rats
56 creatures vanquished.

Vanquished Creatures (others)
  8 demonic plants (D:1)
  6 fungi (D:1)
  19 plants (D:1)
  7 withered plants (D:1)
40 creatures vanquished.

Grand Total: 96 creatures vanquished

Notes
Turn   | Place    | Note
-------+----------+-------------------------------------------
     0 | D:1      | Ijustatesigmund the Hill Orc Fighter began the quest for
                  | the Orb.
     0 | D:1      | Reached XP level 1. HP: 19/19 MP: 1/1
    49 | D:1      | Reached XP level 2. HP: 21/27 MP: 2/2
   600 | D:1      | Found a faded altar of an unknown god.
  1063 | D:1      | Reached XP level 3. HP: 34/34 MP: 3/3
  1788 | D:2      | Reached XP level 4. HP: 37/41 MP: 4/4
  2698 | D:3      | Slain by a gnoll

Illustrated notes

Levels and vault maps discovered:
D:1:      amcnicky_arrival_feature_with_door, layout_rooms,
          shapermc_ecumenical_altar_gd, roderic_nine_men_s_morris, st_stairs_13,
          hangedman_glass_teeth, chequers_serial_rivers_small_3
D:2:      layout_loops_ring, chequers_serial_rivers_small_b
D:3:      layout_basic, grunt_decor_junction

Skill      XL: |  1  2  3  4 |
---------------+-------------+-----
Fighting       | 4 |  4.9
Axes           | 3 4 |  4.0
Armour         | |  3.7
Shields        | |  3.7

Action                   |  1- 3 |  4- 6 || total
-------------------------+-------+-------++-------
Melee: War axe           |   234 |    67 ||   301
  Use: Scroll            |       |     5 ||     5
       Potion            |       |     1 ||     1
Armor: Scale mail        |    11 |       ||    11
       Plate armour      |    69 |    46 ||   115
Dodge: Dodged            |    29 |     7 ||    36
Block: Buckler           |    16 |       ||    16
       Tower shield      |    46 |    40 ||    86

Table legend: (Time is in decaauts)
 A = Elapsed time spent in this place.
 B = Non-inter-level travel time spent in this place.
 C = Inter-level travel time spent in this place.
 D = Time resting spent in this place.
 E = Time spent auto-exploring this place.
 F = Levels seen in this place.
 G = Mean time per level.
                   A        B        C        D        E       F      G
               +--------+--------+--------+--------+--------+-----+--------+
         Total |   2861 |   2810 |     51 |    337 |   1703 |   3 |  953.7 |
       Dungeon |   2861 |   2810 |     51 |    337 |   1703 |   3 |  953.7 |
               +--------+--------+--------+--------+--------+-----+--------+

Top non-repeatable levels by time:
     D:1: 1448 daAuts
     D:2: 1094 daAuts
     D:3: 318 daAuts
